 Dungeon Crawl Stone Soup version 0.18-a0-1057-g88203af (webtiles) character file.

123 Kristof the Digger (level 5, 0/28 HPs)
             Began as a Gargoyle Earth Elementalist on Jan 12, 2016.
             Killed from afar by an orc wizard (12 damage)
             ... with a puff of flame
             ... on level 3 of the Dungeon.
             The game lasted 00:13:35 (3362 turns).

Kristof the Digger (Gargoyle Earth Elementalist)    Turns: 3362, Time: 00:13:38

Health: 0/28       AC: 10    Str: 12    XL:     5   Next: 7%
Magic:  11/11      EV: 12    Int: 16    God:
Gold:   120        SH:  0    Dex: 10    Spells: 3 memorised, 6 levels left

rFire  . . .     SeeInvis .     o - +2 hand axe (flame)
rCold  . . .     Gourm    .     a - +1 robe
rNeg   + . .     Faith    .     (no shield)
rPois  ∞         Spirit   .     h - +0 helmet
rElec  +         Dismiss  .     (no cloak)
rCorr  .         Reflect  .     f - +1 pair of gloves
SustAt .         Harm     .     (no boots)
MR     .....                    (no amulet)
Stlth  ++........               (no ring)
                                (no ring)

@: slowed, very slow, not resistant to hostile enchantments, unstealthy
A: negative energy resistance 1, electricity resistance, unbreathing,
petrification resistance, rot immunity, AC +4
a: no special abilities


You were on level 3 of the Dungeon.
You were not hungry.

You visited 1 branch of the dungeon, and saw 3 of its levels.

You collected 120 gold pieces.

Inventory:

Hand Weapons
 e - a +0 whip
 i - a +1 short sword
 o - a +2 hand axe of flaming (weapon)
Missiles
 b - 86 stones (quivered)
Armour
 a - a +1 robe (worn)
 f - a +1 pair of gloves (worn)
 h - a +0 helmet (worn)
Scrolls
 g - 2 scrolls of remove curse
 s - a scroll of teleportation
Potions
 j - a potion of curing
 l - a potion of resistance
 p - a potion of degeneration {unknown}
 r - a potion of haste
Books
 c - a book of Geomancy

   Spells                             Type                      Level
   a - Sandblast                      Earth                        1
   b - Stoneskin                      Transmutation/Earth          2
   c - Passwall                       Transmutation/Earth          3
   d - Stone Arrow                    Conjuration/Earth            3
   e - Petrify                        Transmutation/Earth          4
   f - Lee's Rapid Deconstruction     Earth                        5
Comestibles
 d - 2 bread rations
 n - 3 meat rations
 q - 8 chunks of flesh


   Skills:
 - Level 1.5 Dodging
 - Level 2.1 Stealth
 * Level 4.0 Spellcasting
 + Level 1.5 Conjurations
 - Level 0.7 Transmutations
 + Level 4.3 Earth Magic


You had 6 spell levels left.
You knew the following spells:

 Your Spells              Type           Power        Failure   Level  Hunger
a - Sandblast             Erth           ###...       3%          1    None
b - Stoneskin             Trmt/Erth      ##......     10%         2    ##.....
c - Stone Arrow           Conj/Erth      ##....       17%         3    ###....


Dungeon Overview and Level Annotations

Branches:
Dungeon (3/15)

Altars:
Okawaru
Sif Muna


Innate Abilities, Weirdness & Mutations

You are resistant to torment.
Your stone body is resilient (AC +4).
You are immune to poison.
You resist negative energy.
You are resistant to electric shocks.
You can survive without breathing.
You are immune to petrification.
You are immune to rotting.


Message History

You completely miss something. The orc wizard barely misses you. x2
Something hits you but does no damage.
The orc wizard gestures wildly while chanting.
The orc wizard blinks!
Something hits you but does no damage.
Drink which item? (? for menu, Esc to quit)
You feel much better. Something hits you but does no damage.
You are too confused!
You bump into the rock wall.
You feel less confused. The orc wizard casts a spell at you.
The magic dart hits you!
You hear some strange, mumbled words.
A puff of flame appears from out of thin air!
The puff of flame hits you!
The orc wizard points at you and mumbles some strange words.
The magic dart hits you!
You hear some strange, mumbled words.
A puff of flame appears from out of thin air!
The puff of flame hits you!
You die...

############# #....#..###
#....##.... #####....#.....
#..........#...
#####.........# ##
#....##.### ... #....##.#
.o.. ##########.....#.###
..J.. ##.†@................
......##..#.{....#........#.
..J......##......#........#.
......#####..)...#..........
.)... #......#..........
.... #####o.....#........#.
... #........###.........[
.. #...................#. .
#........###........#.


You could see an orc wizard.

Vanquished Creatures
  2 adders (D:3)
  2 oozes (D:3)
  4 worms
  4 giant geckos
  3 orcs (D:3)
  7 bats
  2 giant cockroaches
  10 goblins
  13 hobgoblins
  2 jackals (D:3)
  11 kobolds
  A quokka (D:3)
  4 ball pythons
  4 giant newts
  7 rats
76 creatures vanquished.

Notes
Turn   | Place    | Note
--------------------------------------------------------------
     0 | D:1      | Kristof the Gargoyle Earth Elementalist began the quest for the Orb.
     0 | D:1      | Reached XP level 1. HP: 10/10 MP: 3/3
   285 | D:1      | Reached XP level 2. HP: 15/15 MP: 3/5
   417 | D:1      | Learned a level 2 spell: Stoneskin
   622 | D:1      | Reached XP level 3. HP: 19/19 MP: 1/7
   627 | D:1      | Learned a level 3 spell: Stone Arrow
   840 | D:1      | Reached skill level 4 in Earth Magic
  1957 | D:2      | Found an iron altar of Okawaru.
  2781 | D:2      | Reached XP level 4. HP: 24/24 MP: 9/9
  2810 | D:3      | Reached skill level 1 in Conjurations
  3065 | D:3      | Reached XP level 5. HP: 21/28 MP: 10/10
  3216 | D:3      | Found a deep blue altar of Sif Muna.
  3362 | D:3      | Killed from afar by an orc wizard

Vault maps used:
D:1:      eino_arrival_tree_alley, corexii_item_surrounded_by_moat
D:2:      okawaru_ov_weapons_minmay, serial_forest, infiniplex_forest_end_1,
          infiniplex_forest_lined_corner, infiniplex_forest_clump_tiny,
          infiniplex_forest_straight_4, infiniplex_forest_zigzag_2,
          infiniplex_forest_lined_room_, kennysheep_generic_room_7
D:3:      lemuel_blue_sif_altar

Action                   |  1- 3 |  4- 6 || total
-------------------------+-------+-------++-------
Melee: Dagger            |    40 |       ||    40
       Hand axe          |    10 |    73 ||    83
 Cast: Sandblast         |    54 |       ||    54
       Stone Arrow       |     1 |     1 ||     2
  Use: Scroll            |    11 |     3 ||    14
       Potion            |       |     2 ||     2
 Stab: Sleeping          |     1 |     1 ||     2
  Eat: Chunk             |     6 |     2 ||     8
